Login

Phantoms vs Trash Pandas

Created - February 11, 2024 at 12:32

Goals
1 2 3 T
Phantoms 0 0 2 2
Trash Pandas 2 1 1 4
Shots
1 2 3 T
Phantoms 11 5 8 24
Trash Pandas 12 11 14 37

GoalsPenalties
1st period
1. Trash Pandas , Morgan Geekie 3 (Sean Monahan 21) at 7:20
2. Trash Pandas , Connor Murphy 2 (Oskar Sundqvist 3, Nicklas Backstrom 8) at 8:03
Nick Foligno (ABE) for Interference (Minor) at 4:44
Travis Hamonic (LIS) for High sticking (Minor) at 4:44
Nick Foligno (ABE) for Tripping (Minor) at 16:51
2nd period
3. Trash Pandas , Ryan O'Reilly 15 (Mikael Granlund 4, Ben Chiarot 12) at 16:36 (PP)
Sebastian Aho (LIS) for Hooking (Minor) at 1:13
Brady Tkachuk (LIS) for Roughing (Minor) at 12:35
Brian Dumoulin (LIS) for Holding (Minor) at 14:41
Mikael Granlund (ABE) for Holding (Minor) at 18:12
Todd Harkness (LIS) for Hooking (Minor) at 18:12
3rd period
4. Phantoms , Travis Hamonic 3 (Jesper Bratt 13, Brayden Point 16) at 10:15
5. Phantoms , Travis Hamonic 4 (Jared McCann 8, Dominik Kubalik 11) at 16:47
6. Trash Pandas , Oskar Sundqvist 1 (Ben Chiarot 13, Sean Monahan 22) at 19:00 (PP)
Ilya Lyubushkin (LIS) for Slashing (Minor) at 11:41
Pheonix Copley (LIS) for Delaying the game (Minor) at 18:34 - Matthew Tkachuk served the penalty.
Goalie Stats
Pheonix Copley (LIS), 33 saves from 37 shots - (0.892), L, 13-13-4, 60:00 minutes
Jordan Binnington (ABE), 22 saves from 24 shots - (0.917), W, 7-10-1, 60:00 minutes
3 StarsOfficial
1 - Travis Hamonic (LIS)
2 - Oskar Sundqvist (ABE)
3 - Morgan Geekie (ABE)
Referees : Unknown
Linesman : Unknown
Game Note
No Game Note
Finance
Level 1 -- Attendance: 4861 (81.02%) -- Ticket Income $486,100
Level 2 -- Attendance: 3658 (73.16%) -- Ticket Income $219,480
Level 3 -- Attendance: 1521 (76.05%) -- Ticket Income $53,235
Level 4 -- Attendance: 3146 (78.65%) -- Ticket Income $78,650
Luxury Box -- Attendance: 920 (92.00%) -- Ticket Income $184,000
Game was played at the Balmoral Castle.
Total Attendance: 14106 (78.37%)
Total Ticket Income: $1,021,465
Other Income: $408,586
Total Income: $1,430,051



Team Name Goals Shots Shots Attemp Shots Blocked PIM HIT PP PK FO%
Phantoms 224561014210 / 1 (0%)232%
Trash Pandas 43771136172 / 5 (40%)068%

Phantoms
Player Name POS G A P +/- PIM HIT SHT SB MP PP MP PP SHT PK MP PK SHT FO% FOT
Alexis LafreniereLW/RW000001007:080:0000:0000% 0
Andrew MangiapaneLW/RW0001011015:220:0002:59050% 2
Brady TkachukLW000-2255019:181:1401:41044% 9
Brayden PointC0111002018:490:0000:00029% 17
Brian DumoulinD000-1220014:430:0000:0000% 0
Devon ToewsD0000021421:220:5914:4900% 0
Dominik KubalikLW/RW0111011013:560:0000:5900% 0
Ilya LyubushkinD000022006:470:0000:0000% 0
Jared McCannC/LW0111012017:320:4502:50026% 19
Jesper BrattLW/RW0111003019:310:5714:2900% 1
Kevin HayesC/LW/RW000-2002015:351:0200:0000% 0
Matthew TkachukLW/RW0001021024:570:5703:38020% 10
Michael AndersonD000-1020013:240:0000:0000% 0
Scott MayfieldD0000002221:220:5904:4900% 0
Sebastian AhoC000-2202015:341:0210:00038% 21
Todd HarknessD0001220124:271:0003:2900% 0
Travis HamonicD2021202317:511:0003:2900% 0
Vince DunnD000000000:000:0000:0000% 0
Trash Pandas
Player Name POS G A P +/- PIM HIT SHT SB MP PP MP PP SHT PK MP PK SHT FO% FOT
Ben ChiarotD022-1004324:233:5320:4600% 0
Carson SoucyD0001032117:430:0001:1300% 0
Connor MurphyD101-1023024:233:5300:4600% 0
Erik GudbransonD0001011421:504:2501:1300% 0
Isac LundestromC000-1002011:140:0000:00050% 2
Jonathan ToewsC0001013015:170:0000:00067% 6
Kevin BahlD0000021113:470:0000:0000% 0
Mikael GranlundC/LW/RW0110231118:083:1400:0000% 0
Morgan GeekieC/RW1011021016:113:1400:0000% 0
Nick FolignoC/LW/RW000-1412016:165:0410:0000% 0
Nicklas BackstromC011000109:020:0000:00080% 10
Nico SturmC/LW0000011015:250:0001:1500% 0
Oskar SundqvistC/RW1120004013:215:0410:0000% 1
Ryan O'ReillyC1010008018:393:1441:15065% 23
Ryan StromeC000-1010013:340:0000:00073% 15
Sean KuralyLW000000008:080:0000:4400% 1
Sean MonahanC0221002118:455:0410:44071% 21
Shayne GostisbehereD0000001217:544:2510:0000% 0

Phantoms

5 vs 5 Forward
Line #Left WingCenterRight WingPHYDFOFWanted %Time %Time Play
1Matthew TkachukBrayden PointJesper Bratt1223026%11:41
2Brady TkachukSebastian AhoKevin Hayes1222832%14:33
3Dominik KubalikJared McCannAndrew Mangiapane1222627%12:23
4Alexis LafreniereBrayden PointMatthew Tkachuk1221616%7:08
5 vs 5 Defense
Line #DefenseDefensePHYDFOFWanted %Time %Time Play
1Todd HarknessTravis Hamonic1223028%12:37
2Scott MayfieldDevon Toews1222830%13:30
3Brian DumoulinMichael Anderson1222629%13:24
4Ilya LyubushkinTodd Harkness1221614%6:14
Power Play Forward
Line #Left WingCenterRight WingPHYDFOFWanted %Time %Time Play
1Matthew TkachukBrady TkachukJesper Bratt1225548%0:57
2Brady TkachukSebastian AhoKevin Hayes1224552%1:02
Power Play Defense
Line #DefenseDefensePHYDFOFWanted %Time %Time Play
1Todd HarknessTravis Hamonic1225550%1:00
2Scott MayfieldDevon Toews1224550%0:59
Penalty Kill 4 Players Forward
Line #CenterWingPHYDFOFWanted %Time %Time Play
1Matthew TkachukJesper Bratt1225564%5:20
2Brady TkachukJesper Bratt1224536%2:58
Penalty Kill 4 Players Defense
Line #DefenseDefensePHYDFOFWanted %Time %Time Play
1Todd HarknessTravis Hamonic1225542%3:29
2Scott MayfieldDevon Toews1224558%4:49
Penalty Kill 3 Players
Line #WingPHYDFOFWanted %Time %Time PlayDefenseDefensePHYDFOFWanted %Time %Time Play
1Matthew Tkachuk122550%0:00 Todd HarknessTravis Hamonic122550%0:00
2Matthew Tkachuk122450%0:00 Scott MayfieldDevon Toews122450%0:00
4 vs 4 Forward
Line #CenterWingPHYDFOFWanted %Time %Time Play
1Matthew TkachukJesper Bratt1225553%2:07
2Brady TkachukJesper Bratt1224547%1:51
4 vs 4 Defense
Line #DefensePHYDFOFWanted %Time %Time Play
1Todd HarknessTravis Hamonic1225548%55% - 1:54
2Scott MayfieldDevon Toews1224552%45% - 2:04
Last Minutes Offensive
Left WingCenterRight WingDefenseDefense
Matthew TkachukBrayden PointJesper BrattTodd HarknessTravis Hamonic
Last Minutes Defensive
Left WingCenterRight WingDefenseDefense
Matthew TkachukBrayden PointJesper BrattTodd HarknessTravis Hamonic
Time
Total ForwardTotal DefenseLast Minutes OffensiveLast Minutes Defensive
60:00 60:00 0:000:00
Extra Forwards
Normal PowerPlayPenalty Kill
Jared McCann, Dominik Kubalik, Andrew MangiapaneJared McCann, Dominik KubalikAndrew Mangiapane
Extra Defensemen
Normal PowerPlayPenalty Kill
Brian Dumoulin, Todd Harkness, Ilya LyubushkinBrian Dumoulin, Todd HarknessIlya Lyubushkin
Penalty Shots
Matthew Tkachuk, Brayden Point, Brady Tkachuk, Jesper Bratt, Sebastian Aho
Goalie
Pheonix Copley, Samuel Montembeault
Custom OT Lines Forwards
Matthew Tkachuk, Brayden Point, Brady Tkachuk, Jesper Bratt, Sebastian Aho, Jared McCann, Kevin Hayes, Dominik Kubalik, Andrew Mangiapane, Alexis Lafreniere
Custom OT Lines Defensemen
Todd Harkness, Travis Hamonic, Scott Mayfield, Devon Toews, Brian Dumoulin
Scratches
Eetu Luostarinen (Healthy), Elvis Merzlikins (Healthy)

Trash Pandas

5 vs 5 Forward
Line #Left WingCenterRight WingPHYDFOFWanted %Time %Time Play
1Jonathan ToewsSean MonahanMorgan Geekie1133028%12:57
2Nico SturmRyan O'ReillyMikael Granlund1132831%14:10
3Isac LundestromRyan StromeNick Foligno1132625%11:14
4Sean KuralyNicklas BackstromOskar Sundqvist1131616%7:24
5 vs 5 Defense
Line #DefenseDefensePHYDFOFWanted %Time %Time Play
1Connor MurphyBen Chiarot3203028%12:35
2Erik GudbransonCarson Soucy3202832%14:48
3Kevin BahlShayne Gostisbehere3202629%13:29
4Connor MurphyBen Chiarot4101611%4:53
Power Play Forward
Line #Left WingCenterRight WingPHYDFOFWanted %Time %Time Play
1Nick FolignoSean MonahanOskar Sundqvist1045561%5:04
2Mikael GranlundRyan O'ReillyMorgan Geekie0144539%3:14
Power Play Defense
Line #DefenseDefensePHYDFOFWanted %Time %Time Play
1Connor MurphyBen Chiarot3115547%3:53
2Erik GudbransonShayne Gostisbehere3114553%4:25
Penalty Kill 4 Players Forward
Line #CenterWingPHYDFOFWanted %Time %Time Play
1Ryan O'ReillyNick Foligno1315563%1:15
2Sean MonahanSean Kuraly1404537%0:44
Penalty Kill 4 Players Defense
Line #DefenseDefensePHYDFOFWanted %Time %Time Play
1Connor MurphyBen Chiarot3205539%0:46
2Erik GudbransonCarson Soucy4104561%1:13
Penalty Kill 3 Players
Line #WingPHYDFOFWanted %Time %Time PlayDefenseDefensePHYDFOFWanted %Time %Time Play
1Ryan O'Reilly131550%0:00 Connor MurphyBen Chiarot131550%0:00
2Sean Monahan131450%0:00 Erik GudbransonCarson Soucy131450%0:00
4 vs 4 Forward
Line #CenterWingPHYDFOFWanted %Time %Time Play
1Jonathan ToewsRyan Strome3205559%2:20
2Nicklas BackstromOskar Sundqvist3204541%1:38
4 vs 4 Defense
Line #DefensePHYDFOFWanted %Time %Time Play
1Connor MurphyBen Chiarot3205557%55% - 2:16
2Erik GudbransonCarson Soucy3204543%45% - 1:42
Last Minutes Offensive
Left WingCenterRight WingDefenseDefense
Jonathan ToewsSean MonahanRyan StromeConnor MurphyShayne Gostisbehere
Last Minutes Defensive
Left WingCenterRight WingDefenseDefense
Nico SturmRyan O'ReillyMikael GranlundConnor MurphyBen Chiarot
Time
Total ForwardTotal DefenseLast Minutes OffensiveLast Minutes Defensive
60:00 60:00 0:000:00
Extra Forwards
Normal PowerPlayPenalty Kill
Sean Kuraly, Sean Monahan, Ryan O'ReillyRyan O'Reilly, Jonathan ToewsRyan O'Reilly
Extra Defensemen
Normal PowerPlayPenalty Kill
Kevin Bahl, Shayne Gostisbehere, Erik GudbransonKevin Bahl, Shayne GostisbehereErik Gudbranson
Penalty Shots
Sean Kuraly, Sean Monahan, Erik Gudbranson, Ben Chiarot, Ryan O'Reilly
Goalie
Jordan Binnington, Casey DeSmith
Custom OT Lines Forwards
Sean Monahan, Nicklas Backstrom, Nick Foligno, Jonathan Toews, Morgan Geekie, Sean Kuraly, Nico Sturm, Ryan Strome, Ryan O'Reilly, Mikael Granlund
Custom OT Lines Defensemen
Connor Murphy, Ben Chiarot, Erik Gudbranson, Carson Soucy, Kevin Bahl
Scratches
Taylor Hall (Healthy), Jaden Schwartz (Healthy), Christian Dvorak (Sprained Left Ankle Injury)


Play-by-Play

1st period


0:01 of 1st period - Sean Monahan wins face-off versus Brayden Point in neutral zone.
1:04 of 1st period - Kevin Hayes is hit by Nico Sturm and loses puck.
1:13 of 1st period - Shot by Brady Tkachuk.
1:13 of 1st period - Shot Blocked by Erik Gudbranson.
1:28 of 1st period - Sebastian Aho is hit by Carson Soucy and loses puck.
1:40 of 1st period - Dominik Kubalik is hit by Erik Gudbranson.
1:42 of 1st period - Shot by Jared McCann.
1:42 of 1st period - Shot Misses the Net.
1:50 of 1st period - Shot by Dominik Kubalik.
1:50 of 1st period - Stopped by Jordan Binnington without a rebound.
1:51 of 1st period - Ryan Strome wins face-off versus Brayden Point in Trash Pandas zone.
1:58 of 1st period - Shot by Nick Foligno.
1:58 of 1st period - Shot Misses the Net.
2:12 of 1st period - Shot by Brayden Point.
2:12 of 1st period - Shot Blocked by Shayne Gostisbehere.
2:57 of 1st period - Shot by Oskar Sundqvist.
2:57 of 1st period - Stopped by Pheonix Copley without a rebound.
2:58 of 1st period - Jonathan Toews wins face-off versus Sebastian Aho in Phantoms zone.
3:27 of 1st period - Shot by Brady Tkachuk.
3:27 of 1st period - Stopped by Jordan Binnington with a rebound.
3:29 of 1st period - Shot by Kevin Hayes.
3:29 of 1st period - Stopped by Jordan Binnington without a rebound.
3:30 of 1st period - Nicklas Backstrom wins face-off versus Jared McCann in Trash Pandas zone.
3:41 of 1st period - Shot by Ben Chiarot.
3:41 of 1st period - Stopped by Pheonix Copley without a rebound.
3:42 of 1st period - Ryan O'Reilly wins face-off versus Brayden Point in Phantoms zone.
3:47 of 1st period - Shot by Ryan O'Reilly.
3:47 of 1st period - Shot Misses the Net.
3:55 of 1st period - Matthew Tkachuk is hit by Mikael Granlund and loses puck.
4:03 of 1st period - Mikael Granlund is hit by Michael Anderson and loses puck.
4:15 of 1st period - Icing by Brian Dumoulin.
4:16 of 1st period - Isac Lundestrom wins face-off versus Brayden Point in Phantoms zone.
4:30 of 1st period - Ben Chiarot is hit by Matthew Tkachuk and loses puck.
4:44 of 1st period - Minor Penalty to Nick Foligno for Interference.
4:44 of 1st period - Minor Penalty to Travis Hamonic for High sticking.
4:45 of 1st period - Jonathan Toews wins face-off versus Matthew Tkachuk in Phantoms zone.
5:00 of 1st period - Shot by Matthew Tkachuk.
5:00 of 1st period - Shot Blocked by Erik Gudbranson.
5:12 of 1st period - Shot by Jesper Bratt.
5:12 of 1st period - Shot Blocked by Carson Soucy.
5:42 of 1st period - Shot by Devon Toews.
5:42 of 1st period - Shot Blocked by Erik Gudbranson.
5:44 of 1st period - Shot by Jared McCann.
5:44 of 1st period - Deflect By Brady Tkachuk.
5:44 of 1st period - Stopped by Jordan Binnington without a rebound.
5:45 of 1st period - Nicklas Backstrom wins face-off versus Jared McCann in Trash Pandas zone.
6:15 of 1st period - Shot by Dominik Kubalik.
6:15 of 1st period - Shot Blocked by Ben Chiarot.
6:18 of 1st period - Icing by Connor Murphy.
6:19 of 1st period - Nicklas Backstrom wins face-off versus Brady Tkachuk in Trash Pandas zone.
6:19 of 1st period - Oskar Sundqvist is hit by Brady Tkachuk and loses puck.
6:32 of 1st period - Shot by Nicklas Backstrom.
6:32 of 1st period - Shot Misses the Net.
7:06 of 1st period - Shot by Ryan O'Reilly.
7:06 of 1st period - Shot Blocked by Travis Hamonic.
7:08 of 1st period - Shot by Kevin Bahl.
7:08 of 1st period - Stopped by Pheonix Copley without a rebound.
7:09 of 1st period - Sean Monahan wins face-off versus Sebastian Aho in Phantoms zone.
7:20 of 1st period - Shot by Morgan Geekie.
7:20 of 1st period - Goal by Morgan Geekie - Phantoms : 0 - Trash Pandas : 1.
7:21 of 1st period - Ryan Strome wins face-off versus Jared McCann in neutral zone.
7:21 of 1st period - Ryan Strome is hit by Jared McCann.
7:26 of 1st period - Shot by Nick Foligno.
7:26 of 1st period - Shot Misses the Net.
7:28 of 1st period - Shot by Isac Lundestrom.
7:28 of 1st period - Stopped by Pheonix Copley without a rebound.
7:29 of 1st period - Jared McCann wins face-off versus Sean Monahan in Phantoms zone.
7:29 of 1st period - Jared McCann is hit by Morgan Geekie.
7:37 of 1st period - Shot by Andrew Mangiapane.
7:37 of 1st period - Stopped by Jordan Binnington without a rebound.
7:38 of 1st period - Sebastian Aho wins face-off versus Nicklas Backstrom in Trash Pandas zone.
7:41 of 1st period - Shot by Brady Tkachuk.
7:41 of 1st period - Stopped by Jordan Binnington with a rebound.
8:01 of 1st period - Shot by Nicklas Backstrom.
8:01 of 1st period - Deflect By Oskar Sundqvist.
8:01 of 1st period - Stopped by Pheonix Copley with a rebound.
8:03 of 1st period - Shot by Connor Murphy.
8:03 of 1st period - Goal by Connor Murphy - Phantoms : 0 - Trash Pandas : 2.
8:04 of 1st period - Ryan Strome wins face-off versus Jared McCann in neutral zone.
8:04 of 1st period - Isac Lundestrom is hit by Dominik Kubalik.
8:35 of 1st period - Shot by Carson Soucy.
8:35 of 1st period - Stopped by Pheonix Copley without a rebound.
8:36 of 1st period - Brayden Point wins face-off versus Sean Monahan in Phantoms zone.
8:48 of 1st period - Brayden Point is hit by Connor Murphy and loses puck.
9:10 of 1st period - Shot by Sean Monahan.
9:10 of 1st period - Shot Hit the Post.
9:59 of 1st period - Matthew Tkachuk is hit by Mikael Granlund and loses puck.
10:51 of 1st period - Off-side.
10:52 of 1st period - Ryan Strome wins face-off versus Jared McCann in neutral zone.
11:04 of 1st period - Shot by Ryan Strome.
11:04 of 1st period - Shot Misses the Net.
11:06 of 1st period - Shot by Ben Chiarot.
11:06 of 1st period - Shot Blocked by Scott Mayfield.
11:08 of 1st period - Shot by Connor Murphy.
11:08 of 1st period - Stopped by Pheonix Copley without a rebound.
11:09 of 1st period - Sean Monahan wins face-off versus Jared McCann in Phantoms zone.
11:12 of 1st period - Shot by Jonathan Toews.
11:12 of 1st period - Shot Misses the Net.
11:14 of 1st period - Shot by Erik Gudbranson.
11:14 of 1st period - Stopped by Pheonix Copley without a rebound.
11:15 of 1st period - Sebastian Aho wins face-off versus Ryan Strome in Phantoms zone.
11:47 of 1st period - Ryan Strome is hit by Devon Toews and loses puck.
12:22 of 1st period - Shot by Jonathan Toews.
12:22 of 1st period - Shot Misses the Net.
12:24 of 1st period - Shot by Sean Monahan.
12:24 of 1st period - Stopped by Pheonix Copley without a rebound.
12:25 of 1st period - Nicklas Backstrom wins face-off versus Brayden Point in Phantoms zone.
12:25 of 1st period - Sean Kuraly is hit by Michael Anderson and loses puck.
12:59 of 1st period - Shot by Alexis Lafreniere.
12:59 of 1st period - Shot Misses the Net.
13:35 of 1st period - Shot by Mikael Granlund.
13:35 of 1st period - Stopped by Pheonix Copley without a rebound.
13:36 of 1st period - Sebastian Aho wins face-off versus Sean Monahan in Phantoms zone.
13:55 of 1st period - Shot by Kevin Hayes.
13:55 of 1st period - Stopped by Jordan Binnington without a rebound.
13:56 of 1st period - Ryan O'Reilly wins face-off versus Jared McCann in Trash Pandas zone.
14:59 of 1st period - Off-side.
15:00 of 1st period - Brayden Point wins face-off versus Ryan Strome in neutral zone.
15:21 of 1st period - Shot by Brayden Point.
15:21 of 1st period - Stopped by Jordan Binnington without a rebound.
15:22 of 1st period - Sean Monahan wins face-off versus Sebastian Aho in Trash Pandas zone.
16:06 of 1st period - Icing by Brian Dumoulin.
16:07 of 1st period - Ryan Strome wins face-off versus Sebastian Aho in Phantoms zone.
16:51 of 1st period - Minor Penalty to Nick Foligno for Tripping.
16:52 of 1st period - Sebastian Aho wins face-off versus Ryan O'Reilly in Trash Pandas zone.
16:53 of 1st period - Shot by Devon Toews.
16:53 of 1st period - Stopped by Jordan Binnington without a rebound.
16:54 of 1st period - Ryan O'Reilly wins face-off versus Brady Tkachuk in Trash Pandas zone.
17:51 of 1st period - Shot by Jared McCann.
17:51 of 1st period - Shot Misses the Net.
17:53 of 1st period - Shot by Todd Harkness.
17:53 of 1st period - Shot Blocked by Sean Monahan.
17:55 of 1st period - Shot by Kevin Hayes.
17:55 of 1st period - Shot Blocked by Erik Gudbranson.
17:57 of 1st period - Shot by Jared McCann.
17:57 of 1st period - Deflect By Sebastian Aho.
17:57 of 1st period - Stopped by Jordan Binnington without a rebound.
17:58 of 1st period - Brady Tkachuk wins face-off versus Ryan O'Reilly in Trash Pandas zone.
18:25 of 1st period - Ben Chiarot is hit by Brady Tkachuk.
18:41 of 1st period - Ryan O'Reilly is hit by Matthew Tkachuk and loses puck.
18:50 of 1st period - Shot by Jesper Bratt.
18:50 of 1st period - Stopped by Jordan Binnington without a rebound.
18:51 of 1st period - Ryan Strome wins face-off versus Jared McCann in Trash Pandas zone.
19:53 of 1st period - Shot by Brayden Point.
19:53 of 1st period - Shot Blocked by Kevin Bahl.
Goals for this period are 0 for Phantoms vs 2 for Trash Pandas.
Shots for this period are 11 for Phantoms vs 12 for Trash Pandas.

2nd period


0:01 of 2nd period - Ryan O'Reilly wins face-off versus Brayden Point in neutral zone.
0:23 of 2nd period - Brayden Point is hit by Connor Murphy and loses puck.
0:26 of 2nd period - Shot by Jesper Bratt.
0:26 of 2nd period - Shot Misses the Net.
0:28 of 2nd period - Shot by Matthew Tkachuk.
0:28 of 2nd period - Stopped by Jordan Binnington with a rebound.
1:13 of 2nd period - Minor Penalty to Sebastian Aho for Hooking.
1:14 of 2nd period - Matthew Tkachuk wins face-off versus Oskar Sundqvist in Phantoms zone.
1:14 of 2nd period - Matthew Tkachuk is hit by Nick Foligno.
1:50 of 2nd period - Shot by Sean Monahan.
1:50 of 2nd period - Stopped by Pheonix Copley without a rebound.
1:51 of 2nd period - Brady Tkachuk wins face-off versus Ryan O'Reilly in Phantoms zone.
2:32 of 2nd period - Off-side.
2:33 of 2nd period - Brady Tkachuk wins face-off versus Sean Monahan in neutral zone.
3:00 of 2nd period - Shot by Shayne Gostisbehere.
3:00 of 2nd period - Stopped by Pheonix Copley with a rebound.
3:26 of 2nd period - Shot by Brian Dumoulin.
3:26 of 2nd period - Shot Misses the Net.
3:33 of 2nd period - Sean Kuraly is hit by Brady Tkachuk and loses puck.
3:39 of 2nd period - Icing by Kevin Bahl.
3:40 of 2nd period - Jared McCann wins face-off versus Nicklas Backstrom in Trash Pandas zone.
4:01 of 2nd period - Shot by Jonathan Toews.
4:01 of 2nd period - Stopped by Pheonix Copley with a rebound.
4:09 of 2nd period - Shot by Jonathan Toews.
4:09 of 2nd period - Deflect By Sean Monahan.
4:09 of 2nd period - Shot Misses the Net.
4:20 of 2nd period - Icing by Todd Harkness.
4:21 of 2nd period - Ryan Strome wins face-off versus Jared McCann in Phantoms zone.
4:21 of 2nd period - Ryan Strome is hit by Ilya Lyubushkin.
5:13 of 2nd period - Icing by Erik Gudbranson.
5:14 of 2nd period - Ryan Strome wins face-off versus Sebastian Aho in Trash Pandas zone.
5:30 of 2nd period - Off-side.
5:31 of 2nd period - Jared McCann wins face-off versus Ryan O'Reilly in neutral zone.
5:56 of 2nd period - Travis Hamonic is hit by Mikael Granlund.
5:57 of 2nd period - Icing by Travis Hamonic.
5:58 of 2nd period - Sean Monahan wins face-off versus Jared McCann in Phantoms zone.
6:25 of 2nd period - Shot by Sean Monahan.
6:25 of 2nd period - Shot Blocked by Travis Hamonic.
6:50 of 2nd period - Icing by Devon Toews.
6:51 of 2nd period - Brayden Point wins face-off versus Ryan O'Reilly in Phantoms zone.
7:05 of 2nd period - Shot by Jesper Bratt.
7:05 of 2nd period - Shot Misses the Net.
7:07 of 2nd period - Shot by Matthew Tkachuk.
7:07 of 2nd period - Shot Blocked by Mikael Granlund.
7:50 of 2nd period - Icing by Erik Gudbranson.
7:51 of 2nd period - Nicklas Backstrom wins face-off versus Sebastian Aho in Trash Pandas zone.
7:56 of 2nd period - Shot by Nicklas Backstrom.
7:56 of 2nd period - Shot Misses the Net.
8:36 of 2nd period - Shot by Jonathan Toews.
8:36 of 2nd period - Stopped by Pheonix Copley without a rebound.
8:37 of 2nd period - Jared McCann wins face-off versus Isac Lundestrom in Phantoms zone.
8:37 of 2nd period - Dominik Kubalik is hit by Ryan Strome and loses puck.
8:50 of 2nd period - Shot by Jared McCann.
8:50 of 2nd period - Stopped by Jordan Binnington without a rebound.
8:51 of 2nd period - Sean Monahan wins face-off versus Brayden Point in Trash Pandas zone.
8:51 of 2nd period - Sean Monahan is hit by Alexis Lafreniere.
9:26 of 2nd period - Jonathan Toews is hit by Devon Toews and loses puck.
9:42 of 2nd period - Icing by Matthew Tkachuk.
9:43 of 2nd period - Ryan O'Reilly wins face-off versus Brayden Point in Phantoms zone.
10:18 of 2nd period - Shot by Sebastian Aho.
10:18 of 2nd period - Stopped by Jordan Binnington without a rebound.
10:19 of 2nd period - Ryan Strome wins face-off versus Sebastian Aho in Trash Pandas zone.
11:22 of 2nd period - Shot by Oskar Sundqvist.
11:22 of 2nd period - Deflect By Nicklas Backstrom.
11:22 of 2nd period - Shot Misses the Net.
11:24 of 2nd period - Shot by Oskar Sundqvist.
11:24 of 2nd period - Stopped by Pheonix Copley with a rebound.
11:31 of 2nd period - Off-side.
11:32 of 2nd period - Brayden Point wins face-off versus Sean Monahan in neutral zone.
12:03 of 2nd period - Shot by Sean Monahan.
12:03 of 2nd period - Shot Misses the Net.
12:33 of 2nd period - Icing by Ryan O'Reilly.
12:34 of 2nd period - Ryan O'Reilly wins face-off versus Sebastian Aho in Trash Pandas zone.
12:34 of 2nd period - Ryan O'Reilly is hit by Brady Tkachuk.
12:35 of 2nd period - Minor Penalty to Brady Tkachuk for Roughing.
12:36 of 2nd period - Sean Monahan wins face-off versus Andrew Mangiapane in Phantoms zone.
13:35 of 2nd period - Shot by Ryan O'Reilly.
13:35 of 2nd period - Stopped by Pheonix Copley without a rebound.
13:36 of 2nd period - Ryan O'Reilly wins face-off versus Matthew Tkachuk in Phantoms zone.
13:37 of 2nd period - Shot by Connor Murphy.
13:37 of 2nd period - Shot Misses the Net.
14:03 of 2nd period - Shot by Ryan O'Reilly.
14:03 of 2nd period - Stopped by Pheonix Copley without a rebound.
14:04 of 2nd period - Andrew Mangiapane wins face-off versus Sean Monahan in Phantoms zone.
14:38 of 2nd period - Icing by Michael Anderson.
14:39 of 2nd period - Sebastian Aho wins face-off versus Ryan O'Reilly in Phantoms zone.
14:41 of 2nd period - Minor Penalty to Brian Dumoulin for Holding.
14:42 of 2nd period - Ryan O'Reilly wins face-off versus Matthew Tkachuk in Phantoms zone.
14:57 of 2nd period - Shot by Ryan O'Reilly.
14:57 of 2nd period - Shot Misses the Net.
14:59 of 2nd period - Shot by Connor Murphy.
14:59 of 2nd period - Shot Misses the Net.
15:11 of 2nd period - Shot by Connor Murphy.
15:11 of 2nd period - Shot Misses the Net.
15:13 of 2nd period - Shot by Ryan O'Reilly.
15:13 of 2nd period - Shot Blocked by Devon Toews.
15:15 of 2nd period - Shot by Ryan O'Reilly.
15:15 of 2nd period - Shot Blocked by Devon Toews.
15:17 of 2nd period - Shot by Ben Chiarot.
15:17 of 2nd period - Shot Misses the Net.
16:36 of 2nd period - Shot by Ryan O'Reilly.
16:36 of 2nd period - Goal by Ryan O'Reilly - Phantoms : 0 - Trash Pandas : 3.
16:37 of 2nd period - Ryan O'Reilly wins face-off versus Sebastian Aho in neutral zone.
16:54 of 2nd period - Shot by Ryan O'Reilly.
16:54 of 2nd period - Stopped by Pheonix Copley without a rebound.
16:55 of 2nd period - Nicklas Backstrom wins face-off versus Brayden Point in Phantoms zone.
16:56 of 2nd period - Shot by Connor Murphy.
16:56 of 2nd period - Stopped by Pheonix Copley without a rebound.
16:57 of 2nd period - Nicklas Backstrom wins face-off versus Matthew Tkachuk in Phantoms zone.
17:25 of 2nd period - Shot by Nicklas Backstrom.
17:25 of 2nd period - Shot Blocked by Todd Harkness.
17:27 of 2nd period - Shot by Ben Chiarot.
17:27 of 2nd period - Shot Blocked by Travis Hamonic.
18:07 of 2nd period - Shot by Mikael Granlund.
18:07 of 2nd period - Shot Misses the Net.
18:09 of 2nd period - Shot by Nico Sturm.
18:09 of 2nd period - Shot Misses the Net.
18:12 of 2nd period - Minor Penalty to Mikael Granlund for Holding.
18:12 of 2nd period - Minor Penalty to Todd Harkness for Hooking.
18:13 of 2nd period - Jonathan Toews wins face-off versus Brady Tkachuk in Phantoms zone.
18:24 of 2nd period - Shot by Brady Tkachuk.
18:24 of 2nd period - Stopped by Jordan Binnington without a rebound.
18:25 of 2nd period - Brady Tkachuk wins face-off versus Jonathan Toews in Trash Pandas zone.
18:26 of 2nd period - Shot by Jesper Bratt.
18:26 of 2nd period - Shot Blocked by Ben Chiarot.
18:38 of 2nd period - Shot by Brady Tkachuk.
18:38 of 2nd period - Stopped by Jordan Binnington without a rebound.
18:39 of 2nd period - Jonathan Toews wins face-off versus Jesper Bratt in Trash Pandas zone.
18:44 of 2nd period - Shot by Carson Soucy.
18:44 of 2nd period - Shot Blocked by Devon Toews.
18:46 of 2nd period - Shot by Jonathan Toews.
18:46 of 2nd period - Stopped by Pheonix Copley with a rebound.
19:54 of 2nd period - Shot by Brady Tkachuk.
19:54 of 2nd period - Shot Misses the Net.
Goals for this period are 0 for Phantoms vs 1 for Trash Pandas.
Shots for this period are 5 for Phantoms vs 11 for Trash Pandas.

3rd period


0:01 of 3rd period - Matthew Tkachuk wins face-off versus Jonathan Toews in neutral zone.
0:08 of 3rd period - Shot by Matthew Tkachuk.
0:08 of 3rd period - Shot Misses the Net.
1:08 of 3rd period - Brayden Point is hit by Carson Soucy and loses puck.
1:17 of 3rd period - Shot by Jesper Bratt.
1:17 of 3rd period - Stopped by Jordan Binnington without a rebound.
1:18 of 3rd period - Sean Monahan wins face-off versus Sebastian Aho in Trash Pandas zone.
1:36 of 3rd period - Icing by Morgan Geekie.
1:37 of 3rd period - Sean Monahan wins face-off versus Brayden Point in Trash Pandas zone.
2:02 of 3rd period - Shot by Brayden Point.
2:02 of 3rd period - Shot Misses the Net.
2:04 of 3rd period - Shot by Todd Harkness.
2:04 of 3rd period - Shot Blocked by Ben Chiarot.
2:36 of 3rd period - Shot by Scott Mayfield.
2:36 of 3rd period - Stopped by Jordan Binnington without a rebound.
2:37 of 3rd period - Ryan Strome wins face-off versus Jared McCann in Trash Pandas zone.
2:46 of 3rd period - Icing by Jared McCann.
2:47 of 3rd period - Jared McCann wins face-off versus Ryan O'Reilly in Phantoms zone.
2:52 of 3rd period - Shot by Mikael Granlund.
2:52 of 3rd period - Shot Misses the Net.
2:54 of 3rd period - Shot by Carson Soucy.
2:54 of 3rd period - Stopped by Pheonix Copley without a rebound.
2:55 of 3rd period - Sebastian Aho wins face-off versus Ryan Strome in Phantoms zone.
2:59 of 3rd period - Devon Toews is hit by Kevin Bahl.
3:03 of 3rd period - Shot by Sebastian Aho.
3:03 of 3rd period - Shot Misses the Net.
3:05 of 3rd period - Shot by Scott Mayfield.
3:05 of 3rd period - Stopped by Jordan Binnington with a rebound.
3:10 of 3rd period - Icing by Shayne Gostisbehere.
3:11 of 3rd period - Brayden Point wins face-off versus Ryan Strome in Trash Pandas zone.
3:11 of 3rd period - Jesper Bratt is hit by Kevin Bahl and loses puck.
3:14 of 3rd period - Shot by Brayden Point.
3:14 of 3rd period - Deflect By Jesper Bratt.
3:14 of 3rd period - Shot Misses the Net.
3:16 of 3rd period - Shot by Jesper Bratt.
3:16 of 3rd period - Shot Blocked by Shayne Gostisbehere.
3:18 of 3rd period - Shot by Todd Harkness.
3:18 of 3rd period - Shot Misses the Net.
3:20 of 3rd period - Shot by Jesper Bratt.
3:20 of 3rd period - Stopped by Jordan Binnington without a rebound.
3:21 of 3rd period - Ryan O'Reilly wins face-off versus Sebastian Aho in Trash Pandas zone.
3:23 of 3rd period - Mikael Granlund is hit by Brady Tkachuk and loses puck.
4:23 of 3rd period - Nick Foligno is hit by Todd Harkness and loses puck.
4:48 of 3rd period - Isac Lundestrom is hit by Todd Harkness and loses puck.
5:15 of 3rd period - Brayden Point is hit by Jonathan Toews and loses puck.
5:51 of 3rd period - Shot by Nicklas Backstrom.
5:51 of 3rd period - Stopped by Pheonix Copley without a rebound.
5:52 of 3rd period - Ryan O'Reilly wins face-off versus Jared McCann in Phantoms zone.
6:30 of 3rd period - Shot by Dominik Kubalik.
6:30 of 3rd period - Shot Misses the Net.
7:19 of 3rd period - Off-side.
7:20 of 3rd period - Sean Monahan wins face-off versus Brayden Point in neutral zone.
8:37 of 3rd period - Jonathan Toews is hit by Andrew Mangiapane and loses puck.
9:17 of 3rd period - Shot by Nick Foligno.
9:17 of 3rd period - Stopped by Pheonix Copley with a rebound.
9:57 of 3rd period - Shot by Brayden Point.
9:57 of 3rd period - Shot Misses the Net.
10:15 of 3rd period - Shot by Travis Hamonic.
10:15 of 3rd period - Goal by Travis Hamonic - Phantoms : 1 - Trash Pandas : 3.
10:16 of 3rd period - Ryan O'Reilly wins face-off versus Sebastian Aho in neutral zone.
11:26 of 3rd period - Icing by Matthew Tkachuk.
11:27 of 3rd period - Nicklas Backstrom wins face-off versus Matthew Tkachuk in Phantoms zone.
11:27 of 3rd period - Shayne Gostisbehere is hit by Ilya Lyubushkin and loses puck.
11:41 of 3rd period - Minor Penalty to Ilya Lyubushkin for Slashing.
11:42 of 3rd period - Sean Monahan wins face-off versus Matthew Tkachuk in Phantoms zone.
11:49 of 3rd period - Shot by Nick Foligno.
11:49 of 3rd period - Stopped by Pheonix Copley without a rebound.
11:50 of 3rd period - Sean Monahan wins face-off versus Brady Tkachuk in Phantoms zone.
12:56 of 3rd period - Icing by Erik Gudbranson.
12:57 of 3rd period - Ryan O'Reilly wins face-off versus Matthew Tkachuk in Trash Pandas zone.
13:08 of 3rd period - Shot by Ryan O'Reilly.
13:08 of 3rd period - Stopped by Pheonix Copley with a rebound.
13:51 of 3rd period - Shot by Jared McCann.
13:51 of 3rd period - Stopped by Jordan Binnington without a rebound.
13:52 of 3rd period - Sebastian Aho wins face-off versus Sean Kuraly in Trash Pandas zone.
13:54 of 3rd period - Kevin Hayes is hit by Carson Soucy and loses puck.
14:17 of 3rd period - Shot by Brady Tkachuk.
14:17 of 3rd period - Shot Misses the Net.
15:05 of 3rd period - Shot by Connor Murphy.
15:05 of 3rd period - Shot Misses the Net.
15:07 of 3rd period - Shot by Ryan O'Reilly.
15:07 of 3rd period - Stopped by Pheonix Copley without a rebound.
15:08 of 3rd period - Sean Monahan wins face-off versus Matthew Tkachuk in Phantoms zone.
15:11 of 3rd period - Shot by Sean Monahan.
15:11 of 3rd period - Shot Misses the Net.
15:35 of 3rd period - Shot by Brayden Point.
15:35 of 3rd period - Shot Misses the Net.
15:37 of 3rd period - Shot by Brayden Point.
15:37 of 3rd period - Shot Misses the Net.
16:43 of 3rd period - Shot by Dominik Kubalik.
16:43 of 3rd period - Shot Misses the Net.
16:45 of 3rd period - Shot by Jared McCann.
16:45 of 3rd period - Shot Misses the Net.
16:47 of 3rd period - Shot by Travis Hamonic.
16:47 of 3rd period - Goal by Travis Hamonic - Phantoms : 2 - Trash Pandas : 3.
16:48 of 3rd period - Ryan O'Reilly wins face-off versus Brady Tkachuk in neutral zone.
16:54 of 3rd period - Icing by Michael Anderson.
16:55 of 3rd period - Sebastian Aho wins face-off versus Ryan O'Reilly in Phantoms zone.
17:09 of 3rd period - Mikael Granlund is hit by Brian Dumoulin.
17:11 of 3rd period - Shot by Ryan O'Reilly.
17:11 of 3rd period - Stopped by Pheonix Copley with a rebound.
17:13 of 3rd period - Shot by Nico Sturm.
17:13 of 3rd period - Stopped by Pheonix Copley without a rebound.
17:14 of 3rd period - Sean Monahan wins face-off versus Jared McCann in Phantoms zone.
17:33 of 3rd period - Travis Hamonic is hit by Morgan Geekie and loses puck.
18:18 of 3rd period - Shot by Brayden Point.
18:18 of 3rd period - Stopped by Jordan Binnington without a rebound.
18:19 of 3rd period - Ryan Strome wins face-off versus Brayden Point in Trash Pandas zone.
18:32 of 3rd period - Shot by Ben Chiarot.
18:32 of 3rd period - Stopped by Pheonix Copley with a rebound.
18:34 of 3rd period - Shot by Isac Lundestrom.
18:34 of 3rd period - Stopped by Pheonix Copley without a rebound.
18:34 of 3rd period - Minor Penalty to Pheonix Copley for Delaying the game.
18:35 of 3rd period - Sean Monahan wins face-off versus Jared McCann in Phantoms zone.
18:48 of 3rd period - Shot by Sean Monahan.
18:48 of 3rd period - Shot Misses the Net.
18:50 of 3rd period - Shot by Ben Chiarot.
18:50 of 3rd period - Shot Misses the Net.
18:52 of 3rd period - Shot by Ben Chiarot.
18:52 of 3rd period - Stopped by Pheonix Copley with a rebound.
18:54 of 3rd period - Shot by Ben Chiarot.
18:54 of 3rd period - Stopped by Pheonix Copley with a rebound.
18:56 of 3rd period - Shot by Sean Monahan.
18:56 of 3rd period - Shot Blocked by Devon Toews.
18:58 of 3rd period - Shot by Ben Chiarot.
18:58 of 3rd period - Shot Blocked by Scott Mayfield.
19:00 of 3rd period - Shot by Oskar Sundqvist.
19:00 of 3rd period - Goal by Oskar Sundqvist - Phantoms : 2 - Trash Pandas : 4.
19:01 of 3rd period - Ryan O'Reilly wins face-off versus Sebastian Aho in neutral zone.
19:27 of 3rd period - Mikael Granlund is hit by Brian Dumoulin and loses puck.
19:30 of 3rd period - Shot by Ryan O'Reilly.
19:30 of 3rd period - Stopped by Pheonix Copley with a rebound.
Goals for this period are 2 for Phantoms vs 1 for Trash Pandas.
Shots for this period are 8 for Phantoms vs 14 for Trash Pandas.